 Dungeon Crawl Stone Soup version 0.30.0-18-gc0e69614cb (webtiles) character file.

Game seed: 3968757803300974388

370 dunbruha the Covered (level 6, -1/55 HPs)
             Began as a Minotaur Fighter on May 21, 2023.
             Was a Believer of Dithmenos.
             Succumbed to a water moccasin's poison
             ... on level 5 of the Dungeon on May 25, 2023.
             The game lasted 01:40:39 (3926 turns).

dunbruha the Covered (Minotaur Fighter)             Turns: 3926, Time: 01:40:39

Health: -1/55      AC: 15    Str: 22    XL:     6   Next: 42%
Magic:  5/5        EV: 10    Int:  5    God:    Dithmenos [**....]
Gold:   17         SH:  4    Dex: 10    Spells: 5/5 levels left

rFire   . . .        j - +1 short sword (protect)
rCold   . . .        c - +0 buckler
rNeg    . . .        b - +0 scale mail
rPois   .            (helmet restricted)
rElec   .            l - +0 cloak
rCorr   .            (no gloves)
SInv    .            (no boots)
Will    .....        (no amulet) Stlth
                     z - ring of flight
HPRegen 0.29/turn    (no ring)
MPRegen 0.09/turn

%: no passive effects
@: mighty, lethally poisoned (-1 -> -11), under a protective aura, flying,
wreathed by umbra
A: horns 2, retaliatory headbutt
a: Renounce Religion, Shadow Step


You were on level 5 of the Dungeon.
You worshipped Dithmenos.
Dithmenos was pleased with you.
You visited 1 branch of the dungeon, and saw 5 of its levels.

You collected 117 gold pieces.
You spent 100 gold pieces at shops.

Inventory:

Hand Weapons
 a - a +0 long sword
 j - a +1 short sword of protection (weapon)
Missiles
 h - 3 boomerangs (quivered)
 i - 35 stones
 n - a throwing net
 v - 3 atropa-tipped darts
Armour
 b - a +0 scale mail (worn)
 c - a +0 buckler (worn)
 l - a +0 cloak (worn)
Jewellery
 e - an amulet of faith
 f - a ring of protection from cold
 z - a ring of flight (left hand)
Scrolls
 g - a scroll of amnesia
 k - 3 scrolls of vulnerability
 o - a scroll of magic mapping
 u - a scroll of brand weapon
 w - a scroll of enchant weapon {unknown}
 y - a scroll of enchant armour {unknown}
 A - a scroll of noise {unknown}
Potions
 q - a potion of ambrosia
 r - 2 potions of degeneration {unknown}
 s - 2 potions of flight
 t - 2 potions of haste {unknown}
 x - a potion of lignification {unknown}


   Skills:
 + Level 4.8 Fighting
 + Level 3.1(3.7) Short Blades
 + Level 3.2(3.9) Long Blades
 + Level 1.2 Throwing
 + Level 4.9 Armour
 + Level 2.6 Dodging
 + Level 0.5 Stealth
 + Level 4.5 Shields


You had 5 spell levels left.
You didn't know any spells.
Your spell library was empty.

Dungeon Overview and Level Annotations

Branches:
Dungeon (5/15)
 Temple: D:4-7

Altars:
Dithmenos
Elyvilon
Fedhas

Shops:
D:3 *   D:4 [


Innate Abilities, Weirdness & Mutations

You have a pair of horns on your head.
You reflexively headbutt those who attack you in melee.


Message History

You hit the water moccasin.
Your headbutt misses the water moccasin.
The water moccasin is lightly wounded.
The water moccasin barely misses you.
You closely miss the water moccasin.
Your headbutt misses the water moccasin.
The water moccasin is lightly wounded.
The water moccasin bites you.
* * * LOW HITPOINT WARNING * * *
The gnoll barely misses you.
The water moccasin bites you but does no damage.
You feel better. The gnoll hits you but does no damage.
The water moccasin bites you but does no damage.
You feel very mighty all of a sudden.
The water moccasin completely misses you.
The gnoll barely misses you.
You miss the water moccasin.
The water moccasin is lightly wounded.
The water moccasin bites you.
You are poisoned.
The water moccasin poisons you! The gnoll hits you but does no damage.
You barely miss the water moccasin.
The water moccasin is lightly wounded.
You feel very sick. The water moccasin bites you.
The gnoll hits you from afar with a +0 halberd.
* * * LOW HITPOINT WARNING * * *
The water moccasin bites you.
* * * LOW HITPOINT WARNING * * *
You closely miss the water moccasin. You headbutt the water moccasin!
The water moccasin is moderately wounded.
* * * LOW HITPOINT WARNING * * *
You feel very sick. The water moccasin bites you.
* * * LOW HITPOINT WARNING * * *
You block the gnoll's attack.
You hit the water moccasin.
Your weapon exudes an aura of protection.
The water moccasin is heavily wounded.
You die...

+..>..<....# #......#
...##.....# #......###
#.....# #.........
#...###########.........
#.......................
#.#....#.#####..........
#.#.##.#..####.######...
..#.##.##.##........#...
####.##.##@##........#
.. ...#.##S##........#
####+#gOg...........
#.....gg#..........
#..(...............
#..................
#.###.........###.. #.
#........g# .. #
....#..(..#..


You could see a water moccasin, an ogre and 4 gnolls.

Vanquished Creatures
  An ogre (D:5)
  A hound (D:4)
  A gnoll bouda (D:5)
  An iguana (D:5)
  6 adders
  5 gnolls
  2 white imps (D:5)
  A worm (D:5)
  4 dart slugs
  5 orcs
  2 bats (D:2)
  5 endoplasms
  6 giant cockroaches
  4 goblins
  8 hobgoblins
  3 jackals (D:2)
  4 quokkas
  7 ball pythons
  A frilled lizard (D:3)
  9 kobolds
  6 rats
82 creatures vanquished.

Notes
Turn   | Place    | Note
-------+----------+-------------------------------------------
     0 | D:1      | dunbruha the Minotaur Fighter began the quest for the Orb.
     0 | D:1      | Reached XP level 1. HP: 19/19 MP: 0/0
   133 | D:1      | Reached XP level 2. HP: 25/27 MP: 1/1
   717 | D:1      | Found a faded altar of an unknown god.
   723 | D:1      | Prayed at the altar of an unknown god.
   723 | D:1      | Became a worshipper of Dithmenos the Shadowed
   723 | D:1      | Reached * piety under Dithmenos
  1206 | D:2      | Reached XP level 3. HP: 33/33 MP: 2/2
  1790 | D:2      | Reached skill level 1 in Dodging
  1790 | D:2      | Reached XP level 4. HP: 41/41 MP: 3/3
  2214 | D:3      | Found a blossoming altar of Fedhas.
  2246 | D:3      | Reached ** piety under Dithmenos
  2412 | D:3      | Found a white marble altar of Elyvilon.
  2515 | D:3      | Found Xoocsero's Assorted Antiques.
  2524 | D:3      | Bought a scroll of identify for 50 gold pieces
  2524 | D:3      | Bought a scroll of identify for 50 gold pieces
  2597 | D:3      | Upgraded the game from 0.30.0-17-ge0270778cf to
                  | 0.30.0-18-gc0e69614cb
  2722 | D:4      | Reached skill level 1 in Short Blades
  2862 | D:4      | Found Zygec's Antique Armour Emporium.
  2941 | D:4      | Reached XP level 5. HP: 47/47 MP: 4/4
  3634 | D:5      | Entered Level 5 of the Dungeon
  3643 | D:5      | Reached skill level 1 in Throwing
  3857 | D:5      | Noticed an ogre
  3868 | D:5      | Killed an ogre
  3869 | D:5      | Reached XP level 6. HP: 26/53 MP: 5/5
  3891 | D:5      | Noticed a water moccasin
  3925 | D:5      | HP: 1/55 [water moccasin (6)]
  3926 | D:5      | Succumbed to a water moccasin's poison

Illustrated notes

Levels and vault maps discovered:
D:1:      dpeg_arrival_tiny_c, layout_basic, chequers_ecumenical_altar_grove
D:2:      layout_basic
D:3:      layout_basic, mainiacjoe_overflow_tiny_flanked, lemuel_round_altar,
          serial_shops, nicolae_shop_tiny_glass
D:4:      layout_rooms, serial_shops, nicolae_shop_statue_plus
D:5:      layout_basic, hangedman_decor_diamond_cutter, uniq_grinder

Skill      XL: |  1  2  3  4  5  6 |
---------------+-------------------+-----
Shields        | 4 |  4.5
Fighting       | 4 |  4.8
Armour         | 4 |  4.9
Long Blades    | 3 |  3.2
Dodging        | 1 2 |  2.6
Short Blades   | 1 2 3 |  3.1
Throwing       | 1 |  1.2
Stealth        | |  0.5

Action                     |  1- 3 |  4- 6 || total
---------------------------+-------+-------++-------
  Melee: Long sword        |    39 |       ||    39
         Short sword       |    91 |   177 ||   268
         Headbutt          |    10 |    33 ||    43
  Throw: Boomerang         |     3 |     2 ||     5
         Dart              |       |    15 ||    15
    Use: Scroll            |     1 |     6 ||     7
         Potion            |       |     3 ||     3
   Stab: Invisible         |       |     1 ||     1
 Armour: Scale mail        |    63 |    71 ||   134
  Dodge: Dodged            |    72 |    86 ||   158
  Block: Buckler           |    22 |    28 ||    50
